 Dungeon Crawl Stone Soup version 0.24-a0-459-g225fefd530 (webtiles) character file.

Game seed: 8748242146462682961

100 Peloso the Covered (level 4, -4/40 HPs)
             Began as a Minotaur Fighter on June 28, 2019.
             Slain by a gnoll
             ... wielding a +0 flail
              (9 damage)
             ... on level 2 of the Dungeon.
             The game lasted 00:01:44 (1147 turns).

Peloso the Covered (Minotaur Fighter)               Turns: 1147, Time: 00:01:45

Health: -4/40      AC:  7    Str: 20    XL:     4   Next: 46%
Magic:  3/3        EV:  7    Int:  5    God:
Gold:   89         SH:  9    Dex: 11    Spells: 3/3 levels left

rFire    . . .     SeeInvis .   a - +0 long sword
rCold    . . .     Gourm    .   c - +0 shield
rNeg     . . .     Faith    .   b - +0 scale mail
rPois    .         Spirit   .   (helmet restricted)
rElec    .         Reflect  .   (no cloak)
rCorr    .         Harm     .   (no gloves)
MR       .....                  (no boots)
Stlth    ..........             (no amulet)
HPRegen  0.13/turn              (no ring)
MPRegen  0.08/turn              (no ring)

@: no status effects
A: retaliatory headbutt, horns 2
a: no special abilities


You were on level 2 of the Dungeon.
You were hungry.

You visited 1 branch of the dungeon, and saw 2 of its levels.

You collected 89 gold pieces.

Inventory:

Hand Weapons
 a - a +0 long sword (weapon)
Missiles
 e - 8 atropa-tipped darts (quivered)
 k - 13 poisoned darts
Armour
 b - a +0 scale mail (worn)
 c - a +0 shield (worn)
Scrolls
 i - a scroll of amnesia {unknown}
 l - 2 scrolls of teleportation {unknown}
 m - a scroll of fear {unknown}
Potions
 d - a potion of might
 g - a potion of resistance {unknown}
 h - a potion of curing {unknown}
 j - 2 potions of haste {unknown}
Comestibles
 f - 2 rations


   Skills:
 + Level 4.3 Fighting
 + Level 3.8 Long Blades
 + Level 4.4 Armour
 + Level 0.3 Dodging
 + Level 4.3 Shields


You had 3 spell levels left.
You didn't know any spells.
Your spell library was empty.

Dungeon Overview and Level Annotations

Branches:
Dungeon (2/15)

Altars:


Innate Abilities, Weirdness & Mutations

You reflexively headbutt those who attack you in melee.
You have a pair of horns on your head.


Message History

The gnoll is severely wounded.
The gnoll hits you. The gnoll closely misses you. You block the gnoll's attack.
The gnoll barely misses you. You furiously retaliate!
You headbutt the gnoll! You hit the gnoll.
You kill the gnoll!
You block the gnoll's attack. The gnoll barely misses you.
You block the gnoll's attack.
Unknown command.
You closely miss the gnoll. The gnoll hits you but does no damage.
You block the gnoll's attack. x2
Your shield prevents you from hitting the gnoll.
The gnoll hits you but does no damage. The gnoll hits you with a +0 flail!
* * * LOW HITPOINT WARNING * * *
You hit the gnoll.
The gnoll is lightly wounded.
The gnoll hits you but does no damage. x2
You slash the gnoll!
The gnoll is severely wounded.
You block the gnoll's attack. The gnoll hits you with a +0 flail!
You die...

#.####.##.##.##(>.........
#.# ##.#.#.###..##.###.)#
#.# ##...## #†.##.# # #.#
##.....###..##.# ##.#
##.......##..##.# ...#
#..........w.##.# ##.#
##.......##g## .. #.#
##.....###g# ##.# ##...##
#@# ...# ##.## #g# .###
### #.....# .# ###.#.# .#
.# .# # .# #.# .# #. #.#
.# #.#. ...


You could see 3 gnolls and a dart slug.

Vanquished Creatures
  A centaur skeleton (D:2)
  A gnoll (D:2)
  An ooze (D:1)
  A dart slug (D:1)
  6 leopard geckos
  5 bats (D:1)
  A giant cockroach (D:1)
  6 goblins
  7 hobgoblins
  4 jackals (D:2)
  4 kobolds (D:1)
  A quokka (D:2)
  A frilled lizard (D:1)
  7 rats
46 creatures vanquished.

Notes
Turn   | Place    | Note
-------+----------+-------------------------------------------
     0 | D:1      | Peloso the Minotaur Fighter began the quest for the Orb.
     0 | D:1      | Reached XP level 1. HP: 19/19 MP: 0/0
   114 | D:1      | Reached XP level 2. HP: 27/27 MP: 1/1
   294 | D:1      | Reached XP level 3. HP: 32/33 MP: 2/2
  1081 | D:2      | Reached XP level 4. HP: 40/40 MP: 3/3
  1147 | D:2      | Slain by a gnoll

Levels and vault maps discovered:
D:1:      mrwooster_arrival_statue_2, layout_basic, minmay_pentomino_q2
D:2:      layout_loops_ring, first_ration

Skill      XL: |  1  2  3 |
---------------+----------+-----
Fighting       | 4 |  4.3
Armour         | 4 |  4.4
Shields        | 4 |  4.3
Long Blades    | 3 |  3.8
Dodging        | |  0.3

Action                   |  1- 3 |  4- 6 || total
-------------------------+-------+-------++-------
Melee: Long sword        |    90 |    18 ||   108
       Headbutt          |    11 |     4 ||    15
Armor: Scale mail        |    36 |     9 ||    45
Dodge: Dodged            |    17 |     7 ||    24
Block: Shield            |    41 |    14 ||    55
       Rpst.: Long sword |     3 |     1 ||     4

Table legend:
 A = Non-vault XP
 B = Vault XP
 C = Vault XP percentage of total XP
 D = Non-vault monster count
 E = Vault monster count
 F = Vault count percentage of total count
                 A         B        C        D         E       F
            +---------+---------+-------+---------+---------+-------
      Total |     140 |       3 |   2.1 |      44 |       2 |   4.3
            +---------+---------+-------+---------+---------+-------
        D:1 |      65 |       3 |   4.4 |      31 |       2 |   6.1
        D:2 |      75 |       0 |   0.0 |      13 |       0 |   0.0
            +---------+---------+-------+---------+---------+-------
